 Dungeon Crawl Stone Soup version 0.29.1-15-g9cfb28693d (webtiles) character file.

Game seed: 10841262742072251369

638 Atelerd the Magician (level 7, -5/45 HPs)
             Began as an Octopode Earth Elementalist on May 1, 2023.
             Slain by Pikel
             ... wielding a +1 whip of electrocution
              (14 damage)
             ... on level 4 of the Dungeon.
             The game lasted 00:04:46 (3885 turns).

Atelerd the Magician (Octopode Earth Elementalist)  Turns: 3885, Time: 00:04:47

Health: -5/45      AC:  1    Str:  8    XL:     7   Next: 50%
Magic:  10/15      EV: 13    Int: 19    God:
Gold:   253        SH:  0    Dex: 12    Spells: 16/17 levels left

rFire   . . .      SeeInvis .   r - +4 short sword
rCold   . . .      Faith    .   (no shield)
rNeg    . . .      Spirit   .   (helmet restricted)
rPois   .          Reflect  .   (no amulet)
rElec   .          Harm     .   c - +4 ring of slaying
rCorr   .          Rampage  .   (no ring)
Will    .....                   (no ring)
Stlth   +++.......              (no ring)
HPRegen 0.15/turn               (no ring)
MPRegen 0.14/turn               (no ring)
                                (no ring)
                                (no ring)

@: no status effects
A: almost no armour, amphibious, 8 rings, camouflage 1, gelatinous body 1,
(nimble swimmer 1), tentacles
a: no special abilities


You were on level 4 of the Dungeon.
You visited 1 branch of the dungeon, and saw 4 of its levels.
You also visited: Ossuary.

You collected 253 gold pieces.

Inventory:

Hand Weapons
 d - a +0 dagger
 r - a +4 short sword (weapon)
Jewellery
 c - a +4 ring of slaying (left tentacle)
Wands
 g - a wand of polymorph (5)
Scrolls
 f - a scroll of summoning
 o - a scroll of brand weapon {unknown}
 s - 2 scrolls of teleportation
 t - a scroll of blinking {unknown}
 w - a scroll of enchant weapon {unknown}
 x - a scroll of noise {unknown}
Potions
 a - 2 potions of magic
 b - 3 potions of curing
 e - 2 potions of might {unknown}
 h - 3 potions of attraction {unknown}
 i - 3 potions of lignification {unknown}
 j - a potion of ambrosia {unknown}
 k - a potion of brilliance {unknown}
 l - a potion of invisibility {unknown}
 m - a potion of cancellation {unknown}
 n - 4 potions of degeneration {unknown}
 p - a potion of haste {unknown}
 q - a potion of resistance {unknown}
 u - 2 potions of berserk rage {unknown}
 v - a potion of heal wounds


   Skills:
 - Level 2.0 Fighting
 - Level 2.0 Dodging
 - Level 2.6 Stealth
 + Level 5.5 Spellcasting
 - Level 3.0 Transmutations
 - Level 5.0 Earth Magic


You had 16 spell levels left.
You knew the following spells:

 Your Spells              Type           Power      Damage    Failure   Level
a - Sandblast             Erth           48%        2d12      1%          1

Your spell library contained the following spells:

 Spells                   Type           Power      Damage    Failure   Level
 Passwall                 Tmut/Erth      16%        N/A       3%          2
 Apportation              Tloc           10%        N/A       12%         1
 Necrotise                Necr           20%        1d5       12%         1
 Summon Small Mammal      Summ           20%        N/A       12%         1
 Stone Arrow              Conj/Erth      28%        3d8       13%         3
 Petrify                  Tmut/Erth      20%        N/A       22%         4
 Call Canine Familiar     Summ           5%         N/A       34%         3
 Gell's Gravitas          Tloc           5%         N/A       34%         3
 Lesser Beckoning         Tloc           5%         N/A       34%         3
 Portal Projectile        Hex/Tloc       10%        N/A       34%         3
 Teleport Other           Tloc           5%         N/A       34%         3
 Leda's Liquefaction      Hex/Erth       7%         N/A       38%         4


Dungeon Overview and Level Annotations

Branches:
Dungeon (4/15)            Ossuary (visited)
 Temple: D:4-7

Altars:
Makhleb

Shops:
D:4 (

Annotations:
D:4 Pikel


Innate Abilities, Weirdness & Mutations

You cannot wear most types of armour.
You are amphibious.
You can wear up to eight rings at the same time.
Your skin changes colour to match your surroundings (Stealth+).
Your rubbery body absorbs attacks. (AC +1, EV +1)
((You are camouflaged when in or above water. (Stealth+)))
You have tentacles for arms and can constrict up to eight enemies at once.


Message History

A lemure comes into view.
The blast of sand hits Pikel but does no damage.
The adder hisses angrily.
An adder comes into view.
The blast of sand hits Pikel.
Pikel is lightly wounded.
Pikel zaps a wand.
The bolt of dispelling energy hits you!
You barely miss Pikel. Your grab misses Pikel.
Pikel is lightly wounded.
Pikel hits you with a +1 whip of electrocution!
Unknown command.
You puncture Pikel! You grab Pikel. You squeeze Pikel.
Pikel is moderately wounded.
You constrict Pikel.
Pikel zaps a wand.
The bolt of dispelling energy misses you.
Unknown command.
Casting: Sandblast (safe; 1% risk of failure)
Confirm with . or Enter, or press ? or * to list all spells.
Aiming: Sandblast (safe; 1% risk of failure)
Press: ? - help, Shift-Dir - straight line, f/p - Pikel
Aim: Pikel, wielding a +1 whip of electrocution, wearing a +2 robe of willpower and carrying a wand of quicksilver (12) (moderately wounded, constricted by you, 100% to hit)
The blast of sand hits Pikel.
Pikel is heavily wounded.
You constrict Pikel, but do no damage.
Pikel hits you with a +1 whip of electrocution.
Unknown command.
Casting: Sandblast (safe; 1% risk of failure)
Confirm with . or Enter, or press ? or * to list all spells.
Aiming: Sandblast (safe; 1% risk of failure)
Press: ? - help, Shift-Dir - straight line, f/p - Pikel
Aim: Pikel, wielding a +1 whip of electrocution, wearing a +2 robe of willpower and carrying a wand of quicksilver (12) (heavily wounded, constricted by you, 100% to hit)
The blast of sand hits Pikel.
Pikel is heavily wounded.
You constrict Pikel, but do no damage.
Pikel hits you with a +1 whip of electrocution!
* * * LOW HITPOINT WARNING * * *
Pikel hits you with a +1 whip of electrocution.
* * * LOW HITPOINT WARNING * * *
You are electrocuted!
You die... #.....### ..... ##### #...### ... ###...### .5. #.....# K5S

#.###...# #.##S#
#####
#...###.....##5#
#....
###.....###...##5#
#.###
..).......###.##K#
#.#
###.....###...##@#
#.#
.##...###.....##.#
#.#
.##.###.......##.#
#.#
.##..............#
#.#
.####....#########
#.# .# ###..# #.#
.# ##.# #.### .#
#.# #.... .# #.#
### #####


You could see Pikel, 4 lemures, 2 adders and a kobold.

Vanquished Creatures
  Sigmund (D:2)
  A phantom (D:4)
  An elf zombie (Ossuary)
  2 centaur zombies (Ossuary)
  3 human zombies (Ossuary)
  A jelly (D:4)
  Terence (D:2)
  2 mummies (Ossuary)
  Robin (D:2)
  A worm (D:3)
  A dart slug (D:1)
  3 endoplasms (D:2)
  4 giant cockroaches
  6 hobgoblins
  4 jackals (D:3)
  6 kobolds
  2 quokkas
  6 ball pythons
  5 bats
  2 frilled lizards
  11 goblins
  A goblin zombie (Ossuary)
  12 hobgoblin zombies (Ossuary)
  2 jackal zombies (Ossuary)
  8 kobold zombies (Ossuary)
  6 orc zombies (Ossuary)
  2 rats (D:3)
  2 rat zombies (Ossuary)
97 creatures vanquished.

Notes
Turn   | Place    | Note
-------+----------+-------------------------------------------
     0 | D:1      | Atelerd the Octopode Earth Elementalist began the quest for
                  | the Orb.
     0 | D:1      | Reached XP level 1. HP: 11/11 MP: 3/3
   337 | D:1      | Reached XP level 2. HP: 14/17 MP: 1/5
  1051 | D:2      | Reached XP level 3. HP: 21/21 MP: 3/6
  1188 | D:2      | Found a burning altar of Makhleb.
  1336 | D:2      | Noticed Sigmund
  1346 | D:2      | Killed Sigmund
  1347 | D:2      | Reached XP level 4. HP: 13/29 MP: 3/8
  1347 | D:2      | Reached XP level 5. HP: 15/34 MP: 3/9
  1541 | D:2      | Noticed Robin
  1546 | D:2      | Killed Robin
  1876 | D:2      | Noticed Terence
  1884 | D:2      | Killed Terence
  1885 | D:2      | Reached XP level 6. HP: 36/39 MP: 7/10
  2874 | D:4      | Reached skill level 5 in Earth Magic
  2939 | D:4      | Found a sand-covered staircase.
  2958 | Ossuary  | Entered an ossuary
  3185 | Ossuary  | Reached XP level 7. HP: 26/45 MP: 4/13
  3365 | Ossuary  | Reached skill level 5 in Spellcasting
  3627 | D:4      | Found Jerphaifag's Weapon Emporium.
  3875 | D:4      | Noticed Pikel
  3885 | D:4      | Slain by Pikel

Illustrated notes

Levels and vault maps discovered:
D:1:      ncdulo_wetmaze, layout_loops_ring
D:2:      layout_basic, basic_altar, serial_park_tiny_1, uniq_robin,
          uniq_terence, uniq_sigmund
D:3:      layout_basic
D:4:      layout_loops_ring, serial_shops, shop_statue,
          nicolae_ossuary_entry_ruins, minmay_unequal, uniq_pikel

Skill      XL: |  1  2  3  4  5  6  7 |
---------------+----------------------+-----
Fighting       | 2 |  2.0
Spellcasting   | 3 4 5 |  5.5
Transmutations | 2 3 |  3.0
Earth Magic    | 4 5 |  5.0
Dodging        | |  2.0
Stealth        | |  2.6

Action                   |  1- 3 |  4- 6 |  7- 9 || total
-------------------------+-------+-------+-------++-------
Melee: Unarmed           |     5 |       |       ||     5
       Tentacles         |     5 |    11 |     6 ||    22
       Constrict         |     7 |    22 |     4 ||    33
       Dagger            |    19 |    30 |       ||    49
       Short sword       |       |    39 |    16 ||    55
       Punch             |       |       |     2 ||     2
 Cast: Sandblast         |    22 |    43 |    30 ||    95
  Use: Potion            |       |     2 |       ||     2
       Scroll            |       |       |     3 ||     3
 Stab: Sleeping          |     3 |     6 |       ||     9
Armor: Skin              |     4 |    11 |     1 ||    16
Dodge: Dodged            |    22 |    86 |    19 ||   127
